 Dungeon Crawl Stone Soup version 0.22.0-18-ge075c0d (webtiles) character file.

74 Lauz the Slasher (level 4, 0/61 HPs)
             Began as a Minotaur Berserker on Aug 18, 2018.
             Was a Believer of Trog.
             Slain by Grinder (2 damage)
             ... on level 3 of the Dungeon.
             The game lasted 00:03:43 (1539 turns).

Lauz the Slasher (Minotaur Berserker)               Turns: 1539, Time: 00:03:45

Health: 0/61       AC:  2    Str: 27    XL:     4   Next: 10%
Magic:  3/3        EV: 12    Int:  4    God:    Trog [**....]
Gold:   131        SH:  0    Dex: 10    Spells: 3/3 levels left

rFire    . . .     SeeInvis .   a - +0 falchion
rCold    . . .     Gourm    .   (no shield)
rNeg     . . .     Faith    .   b - +0 animal skin
rPois    .         Spirit   .   (helmet restricted)
rElec    .         Reflect  .   (no cloak)
rCorr    .         Harm     .   (no gloves)
MR       .....                  (no boots)
Stlth    ..........             (no amulet)
HPRegen  0.20/turn              (no ring)
MPRegen  0.08/turn              (no ring)

@: berserking, very quick
A: retaliatory headbutt, horns 2
a: Berserk, Trog's Hand, Renounce Religion


You were on level 3 of the Dungeon.
You worshipped Trog.
Trog was pleased with you.
You were near starving.

You visited 1 branch of the dungeon, and saw 3 of its levels.

You collected 131 gold pieces.

Inventory:

Hand Weapons
 a - a +0 falchion (weapon)
Armour
 b - a +0 animal skin (worn)
Jewellery
 h - an uncursed ring of protection from magic {unknown}
Scrolls
 e - 6 scrolls of identify {unknown}
 f - 2 scrolls of blinking {unknown}
 i - 2 scrolls of magic mapping {unknown}
 j - a scroll of teleportation {unknown}
 k - a scroll of remove curse {unknown}
Potions
 d - 2 potions of heal wounds {unknown}
 g - a potion of haste {unknown}
Comestibles
 c - 5 rations
 l - 3 chunks of flesh


   Skills:
 + Level 4.4 Fighting
 * Level 5.3 Long Blades
 - Level 2.5 Armour
 - Level 2.2 Dodging


You had 3 spell levels left.
You didn't know any spells.
Your spell library was empty.

Dungeon Overview and Level Annotations

Branches:
Dungeon (3/15)

Altars:

Annotations:
D:3 Grinder


Innate Abilities, Weirdness & Mutations

You reflexively headbutt those who attack you in melee.
You have a pair of horns on your head.


Message History

Pain shoots through your body!
You hit Grinder. Your headbutt misses Grinder.
Grinder is lightly wounded.
Grinder hits you.
You writhe in agony.
You hit Grinder. You headbutt Grinder.
Grinder is moderately wounded.
Grinder blinks!
You barely miss Grinder. You headbutt Grinder!
Grinder is heavily wounded.
Grinder says, "Just stop there for a second..."
Grinder gestures at you. Pain shoots through your body!
* * * LOW HITPOINT WARNING * * *
A red film seems to cover your vision as you go berserk!
You feel yourself moving faster!
You feel mighty!
You are near starving!
Grinder hits you.
* * * LOW HITPOINT WARNING * * *
You writhe in agony.
You die...

#†.# #..# #..#
#..# #..##
####...########
#..........#...#
#.###.#.#....#
#.#.#.@##.#
#.#.#.5# .#
....#.÷# #
#>###..#
#.....##.##.
#.###........
......!.##...#.
###[###.< .....
#### ####


You could see Grinder.

Vanquished Creatures
  An adder (D:3)
  3 oozes (D:1)
  A leopard gecko (D:2)
  An orc (D:2)
  5 giant cockroaches
  10 goblins
  5 hobgoblins
  5 kobolds
  A quokka (D:2)
  3 ball pythons
  5 bats
  2 frilled lizards (D:1)
  3 rats (D:1)
45 creatures vanquished.

Notes
Turn   | Place    | Note
-------+----------+-------------------------------------------
     0 | D:1      | Lauz the Minotaur Berserker began the quest for the Orb.
     0 | D:1      | Reached XP level 1. HP: 19/19 MP: 0/0
   192 | D:1      | Reached skill level 4 in Long Blades
   192 | D:1      | Reached XP level 2. HP: 27/27 MP: 1/1
   379 | D:1      | Reached XP level 3. HP: 29/33 MP: 2/2
   471 | D:1      | Reached ** piety under Trog
  1016 | D:2      | Reached skill level 5 in Long Blades
  1474 | D:3      | Reached XP level 4. HP: 41/41 MP: 3/3
  1517 | D:3      | Noticed Grinder
  1523 | D:3      | Paralysed by Grinder for 6 turns
  1539 | D:3      | HP: 2/61 [Grinder (3)]
  1539 | D:3      | Slain by Grinder

Skill      XL: |  1  2  3 |
---------------+----------+-----
Fighting       | 4 |  4.4
Long Blades    | 4 5 |  5.3
Armour         | |  2.5
Dodging        | |  2.2

Action                   |  1- 3 |  4- 6 || total
-------------------------+-------+-------++-------
Melee: Falchion          |    69 |    13 ||    82
       Headbutt          |    12 |     4 ||    16
Invok: Berserk           |       |     1 ||     1
 Stab: Sleeping          |     1 |       ||     1
  Eat: Chunk             |     1 |       ||     1
Armor: Animal skin       |    12 |     1 ||    13
Dodge: Dodged            |    49 |     6 ||    55
       Rpst.: Falchion   |    14 |     1 ||    15
